[ AOE2 MATCH · #507379457 ]
UnrankedVikings vs Vietnamese
Player's team · WIN
Rival team · LOSS
[ REPLAY ANALYSIS · EXTRACTED FROM THE RECORDED GAME ]
Feudal
9:27
Castle
22:07
Imperial
34:07
| APM avg | 76.8 |
| APM peak | 120 |
| eAPM avg | 41.5 |
| Villagers / military | 76 / 62 |
Focus
⚔️ 62.4% · 🌾 37.6%
Archer ×36 · Mangonel ×7 · Skirmisher ×6 · Fishing Ship ×6 · Knight ×5 · Militia ×5
Feudal
9:21
Castle
23:16
Imperial
—
| APM avg | 43.8 |
| APM peak | 90 |
| eAPM avg | 26.0 |
| Villagers / military | 91 / 22 |
Focus
⚔️ 43.9% · 🌾 56.1%
Fishing Ship ×13 · Rattan Archer ×8 · Fire Galley ×5 · Unknown (2626) ×5 · Archer ×4 · Mangonel ×3
Match map
Initial resources + every placement click. Lines = walls · curves = elevation contours. ◆ gold · ⬟ stone · ● berries · ✦ relic · ◌ wall gap
Your base· Open — unwalled flank
AKD's base· Open — 10t gap
Smoothed initial terrain · ◌ = detected wall gap · hover for details
Inputs per minute
— MarginCall - - AKD
Build order — MarginCall
First 150 of 231 actions detected
| 0:00 | Create | Villager (Male) ×4 |
| 0:02 | Build | House |
| 0:03 | Build | House |
| 1:24 | Create | Villager (Male) |
| 1:59 | Create | Villager (Male) |
| 2:15 | Create | Villager (Male) |
| 2:25 | Build | Lumber Camp |
| 2:50 | Create | Villager (Male) |
| 3:07 | Research | Loom |
| 3:11 | Create | Villager (Male) |
| 3:26 | Create | Villager (Male) |
| 3:53 | Build | House |
| 3:58 | Create | Villager (Male) |
| 4:21 | Create | Villager (Male) |
| 4:26 | Build | Dock |
| 4:50 | Create | Villager (Male) |
| 5:04 | Create | Fishing Ship |
| 5:10 | Build | House |
| 5:20 | Create | Villager (Male) |
| 5:36 | Build | Palisade Wall |
| 5:36 | Build | Palisade Wall |
| 5:48 | Create | Villager (Male) |
| 5:50 | Create | Fishing Ship |
| 6:11 | Create | Villager (Male) |
| 6:38 | Research | Loom |
| 6:42 | Create | Fishing Ship |
| 7:17 | Research | Feudal Age |
| 7:44 | Create | Fishing Ship |
| 8:04 | Build | House |
| 8:33 | Build | Barracks |
| 8:41 | Create | Villager (Male) |
| 9:07 | Build | Mining Camp |
| 9:27 | Age | Feudal Age |
| 9:28 | Create | Villager (Male) |
| 9:29 | Create | Militia |
| 9:29 | Create | Militia |
| 9:34 | Create | Militia |
| 9:50 | Create | Fishing Ship |
| 9:55 | Build | House |
| 10:01 | Build | Archery Range |
| 10:20 | Create | Villager (Male) |
| 10:30 | Create | Villager (Male) |
| 10:32 | Build | House |
| 10:49 | Research | Man-at-Arms (upgrade) |
| 11:07 | Build | House |
| 11:18 | Create | Villager (Male) |
| 11:20 | Create | Villager (Male) |
| 11:36 | Create | Villager (Male) |
| 11:45 | Build | House |
| 11:46 | Create | Archer |
| 12:02 | Build | Lumber Camp |
| 12:12 | Research | Town Watch |
| 12:12 | Create | Villager (Male) |
| 12:13 | Create | Villager (Male) |
| 12:43 | Create | Archer |
| 12:57 | Create | Archer |
| 13:13 | Build | Mill |
| 13:25 | Build | House |
| 13:31 | Create | Villager (Male) |
| 13:32 | Create | Villager (Male) |
| 13:45 | Create | Villager (Male) |
| 13:52 | Create | Archer |
| 13:56 | Create | Archer |
| 13:56 | Create | Villager (Male) |
| 14:00 | Create | Villager (Male) |
| 14:09 | Build | House |
| 14:17 | Create | Villager (Male) |
| 14:29 | Create | Villager (Male) |
| 14:33 | Build | Lumber Camp |
| 14:38 | Create | Archer |
| 15:04 | Create | Archer |
| 15:13 | Create | Villager (Male) |
| 15:22 | Research | Double-Bit Axe |
| 15:33 | Create | Militia |
| 15:33 | Create | Militia |
| 15:36 | Create | Archer |
| 15:57 | Create | Villager (Male) |
| 16:07 | Build | Blacksmith |
| 16:33 | Create | Archer |
| 16:46 | Research | Arson |
| 16:51 | Research | Fletching |
| 16:52 | Create | Archer |
| 16:54 | Build | House |
| 16:55 | Build | House |
| 17:07 | Create | Archer |
| 17:09 | Create | Villager (Male) |
| 17:17 | Build | Dock |
| 17:48 | Create | Villager (Male) |
| 17:54 | Build | Farm |
| 17:55 | Build | Farm |
| 17:55 | Build | Farm |
| 17:56 | Build | Farm |
| 18:24 | Create | Archer |
| 18:25 | Create | Villager (Male) |
| 18:28 | Create | Skirmisher |
| 18:31 | Build | Mining Camp |
| 18:42 | Create | Skirmisher |
| 18:43 | Create | Villager (Male) |
| 18:53 | Build | Watch Tower |
| 18:56 | Build | Farm |
| 19:15 | Create | Archer |
| 19:16 | Create | Villager (Male) |
| 19:17 | Create | Skirmisher |
| 19:27 | Research | Castle Age |
| 19:27 | Research | Castle Age |
| 19:35 | Build | Dock |
| 19:40 | Create | Skirmisher |
| 19:40 | Create | Skirmisher |
| 19:54 | Build | House |
| 20:04 | Create | Archer |
| 20:05 | Build | Archery Range |
| 20:17 | Create | Fishing Ship |
| 20:32 | Create | Archer |
| 20:40 | Build | Watch Tower |
| 20:43 | Create | Villager (Male) |
| 20:50 | Build | House |
| 20:59 | Create | Archer |
| 21:00 | Create | Villager (Male) |
| 21:05 | Build | Market |
| 21:22 | Build | Dock |
| 21:30 | Create | Villager (Male) |
| 21:42 | Create | Unit 2626 |
| 21:48 | Create | Archer |
| 21:54 | Build | House |
| 22:03 | Build | Farm |
| 22:03 | Build | Farm |
| 22:04 | Build | Farm |
| 22:06 | Research | Horse Collar |
| 22:07 | Age | Castle Age |
| 22:26 | Research | Bodkin Arrow |
| 22:34 | Build | Siege Workshop |
| 22:40 | Create | Villager (Male) |
| 23:00 | Create | Villager (Male) |
| 23:03 | Create | Mangonel |
| 23:05 | Research | Crossbowman (upgrade) |
| 23:05 | Research | Crossbowman (upgrade) |
| 23:07 | Build | House |
| 23:11 | Create | Villager (Male) |
| 23:16 | Create | Unit 2626 |
| 23:24 | Create | Villager (Male) |
| 23:30 | Create | Unit 2626 |
| 23:57 | Create | Archer |
| 23:58 | Create | Villager (Male) |
| 23:59 | Create | Archer |
| 24:04 | Create | Mangonel |
| 24:19 | Create | Archer |
| 24:19 | Create | Villager (Male) |
| 24:21 | Create | Villager (Male) |
| 24:25 | Create | Archer |
| 24:36 | Create | Longboat |
Build order — AKD
First 150 of 227 actions detected
| 0:00 | Create | Villager (Male) |
| 0:02 | Build | House |
| 0:03 | Build | House |
| 0:05 | Create | Villager (Male) |
| 0:06 | Create | Villager (Male) |
| 0:10 | Create | Villager (Male) |
| 1:31 | Build | Lumber Camp |
| 1:34 | Create | Villager (Male) |
| 1:56 | Create | Villager (Male) |
| 2:24 | Create | Villager (Male) |
| 2:24 | Create | Villager (Male) |
| 2:46 | Create | Villager (Male) |
| 3:13 | Create | Villager (Male) |
| 3:24 | Build | House |
| 3:40 | Create | Villager (Male) |
| 3:55 | Build | Dock |
| 4:10 | Create | Villager (Male) |
| 4:27 | Create | Villager (Male) |
| 4:45 | Build | House |
| 4:46 | Build | Palisade Wall |
| 4:57 | Create | Villager (Male) |
| 4:57 | Create | Villager (Male) |
| 5:02 | Create | Fishing Ship |
| 5:22 | Create | Villager (Male) |
| 5:27 | Create | Villager (Male) |
| 5:29 | Create | Fishing Ship |
| 5:49 | Create | Villager (Male) |
| 5:49 | Create | Villager (Male) |
| 6:12 | Create | Villager (Male) |
| 6:15 | Create | Fishing Ship |
| 6:31 | Research | Loom |
| 6:43 | Build | House |
| 7:11 | Research | Feudal Age |
| 7:29 | Build | Mining Camp |
| 7:49 | Build | House |
| 8:17 | Create | Villager (Male) |
| 8:18 | Create | Fishing Ship |
| 8:39 | Create | Villager (Male) |
| 8:54 | Create | Fishing Ship |
| 9:06 | Build | House |
| 9:08 | Build | Palisade Wall |
| 9:21 | Age | Feudal Age |
| 9:24 | Build | Watch Tower |
| 9:43 | Research | Double-Bit Axe |
| 9:44 | Create | Villager (Male) |
| 9:52 | Create | Villager (Male) |
| 10:01 | Build | Palisade Wall |
| 10:05 | Create | Galley |
| 10:37 | Create | Villager (Male) |
| 10:43 | Build | Palisade Wall |
| 10:44 | Build | Palisade Wall |
| 10:55 | Build | Watch Tower |
| 10:58 | Create | Villager (Male) |
| 11:01 | Build | Palisade Wall |
| 11:15 | Create | Villager (Male) |
| 11:24 | Create | Fishing Ship |
| 11:29 | Create | Villager (Male) |
| 11:38 | Create | Villager (Male) |
| 11:43 | Build | Mill |
| 12:01 | Create | Villager (Male) |
| 12:05 | Build | Palisade Wall |
| 12:05 | Build | Palisade Wall |
| 12:05 | Build | Palisade Wall |
| 12:06 | Build | Palisade Wall |
| 12:06 | Build | Palisade Wall |
| 12:06 | Build | Palisade Wall |
| 12:06 | Build | Palisade Wall |
| 12:07 | Build | Palisade Wall |
| 12:14 | Build | Palisade Wall |
| 12:15 | Build | Palisade Wall |
| 12:16 | Create | Villager (Male) |
| 12:24 | Build | Barracks |
| 12:30 | Create | Villager (Male) |
| 12:34 | Build | House |
| 12:36 | Build | Palisade Wall |
| 12:45 | Create | Villager (Male) |
| 12:55 | Create | Villager (Male) |
| 13:09 | Create | Fishing Ship |
| 13:26 | Build | Watch Tower |
| 13:28 | Build | Palisade Wall |
| 13:31 | Build | Palisade Wall |
| 13:32 | Build | Palisade Wall |
| 13:33 | Build | Palisade Wall |
| 13:34 | Build | Palisade Wall |
| 13:35 | Build | Palisade Wall |
| 13:46 | Create | Villager (Male) |
| 13:51 | Build | Archery Range |
| 14:07 | Create | Villager (Male) |
| 14:16 | Research | Horse Collar |
| 14:23 | Build | Mining Camp |
| 14:37 | Create | Villager (Male) |
| 14:43 | Build | Farm |
| 14:44 | Build | Farm |
| 14:47 | Build | Farm |
| 14:50 | Build | Farm |
| 15:00 | Create | Villager (Male) |
| 15:08 | Build | Dock |
| 15:19 | Build | Palisade Wall |
| 15:21 | Create | Villager (Male) |
| 15:26 | Create | Archer |
| 15:29 | Build | House |
| 15:30 | Build | House |
| 15:33 | Create | Fishing Ship |
| 15:42 | Build | House |
| 15:48 | Build | House |
| 15:53 | Build | House |
| 15:53 | Create | Villager (Male) |
| 16:09 | Create | Archer |
| 16:11 | Create | Fishing Ship |
| 16:16 | Create | Villager (Male) |
| 16:18 | Create | Villager (Male) |
| 16:30 | Build | Farm |
| 16:30 | Create | Villager (Male) |
| 16:41 | Build | Watch Tower |
| 16:45 | Create | Archer |
| 16:46 | Create | Villager (Male) |
| 16:51 | Create | Villager (Male) |
| 16:59 | Build | Lumber Camp |
| 17:28 | Create | Fishing Ship |
| 17:29 | Create | Villager (Male) |
| 17:43 | Create | Villager (Male) |
| 17:45 | Build | Farm |
| 17:45 | Build | Farm |
| 17:45 | Build | Farm |
| 17:53 | Create | Villager (Male) |
| 18:12 | Create | Villager (Male) |
| 18:41 | Create | Archer |
| 18:47 | Create | Villager (Male) |
| 19:17 | Create | Villager (Male) |
| 19:33 | Create | Villager (Male) |
| 19:38 | Build | Market |
| 19:52 | Create | Fishing Ship |
| 20:06 | Research | Town Watch |
| 20:14 | Build | Watch Tower |
| 20:33 | Research | Castle Age |
| 20:39 | Build | Dock |
| 20:47 | Build | Palisade Wall |
| 20:51 | Build | Palisade Wall |
| 20:53 | Create | Villager (Male) |
| 21:01 | Build | Palisade Wall |
| 21:06 | Build | Mining Camp |
| 21:11 | Create | Fire Galley |
| 21:21 | Create | Villager (Male) |
| 21:29 | Create | Villager (Male) |
| 21:33 | Research | Gold Mining |
| 21:56 | Build | Palisade Gate |
| 22:23 | Build | Stone Wall |
| 22:25 | Build | Dock |
| 22:31 | Create | Villager (Male) |
| 22:47 | Create | Trade Cog |
Match timeline
| 3:55 | AKD · first_building Dock |
| 4:26 | MarginCall · first_building Dock |
| 4:46 | AKD · wall_segment Palisade Wall x1 |
| 5:36 | MarginCall · wall_segment Palisade Wall x2 |
| 5:36 | MarginCall · wall_segment Palisade Wall x1 |
| 8:33 | MarginCall · first_building Barracks |
| 9:08 | AKD · wall_segment Palisade Wall x3 |
| 9:21 | AKD · age_up feudal |
| 9:27 | MarginCall · age_up feudal |
| 10:01 | MarginCall · first_building Archery Range |
| 10:01 | AKD · wall_segment Palisade Wall x6 |
| 10:43 | AKD · wall_segment Palisade Wall x1 |
| 10:44 | AKD · wall_segment Palisade Wall x2 |
| 11:01 | AKD · wall_segment Palisade Wall x4 |
| 12:05 | AKD · wall_segment Palisade Wall x1 |
| 12:05 | AKD · wall_segment Palisade Wall x1 |
| 12:05 | AKD · wall_segment Palisade Wall x1 |
| 12:06 | AKD · wall_segment Palisade Wall x1 |
| 12:06 | AKD · wall_segment Palisade Wall x1 |
| 12:06 | AKD · wall_segment Palisade Wall x2 |
| 12:06 | AKD · wall_segment Palisade Wall x2 |
| 12:07 | AKD · wall_segment Palisade Wall x1 |
| 12:14 | AKD · wall_segment Palisade Wall x1 |
| 12:15 | AKD · wall_segment Palisade Wall x1 |
| 12:24 | AKD · first_building Barracks |
| 12:36 | AKD · wall_segment Palisade Wall x1 |
| 13:28 | AKD · wall_segment Palisade Wall x1 |
| 13:31 | AKD · wall_segment Palisade Wall x1 |
| 13:32 | AKD · wall_segment Palisade Wall x1 |
| 13:33 | AKD · wall_segment Palisade Wall x1 |
| 13:34 | AKD · wall_segment Palisade Wall x1 |
| 13:35 | AKD · wall_segment Palisade Wall x1 |
| 13:51 | AKD · first_building Archery Range |
| 15:19 | AKD · wall_segment Palisade Wall x1 |
| 20:30 | AKD · first_market_sell 100 food |
| 20:47 | AKD · wall_segment Palisade Wall x6 |
| 20:51 | AKD · wall_segment Palisade Wall x8 |
| 21:01 | AKD · wall_segment Palisade Wall x3 |
| 22:07 | MarginCall · age_up castle |
| 22:23 | AKD · wall_segment Stone Wall x1 |
| 22:24 | MarginCall · first_market_sell 100 wood |
| 22:33 | MarginCall · first_market_buy 100 wood |
| 22:34 | MarginCall · first_building Siege Workshop |
| 23:16 | AKD · age_up castle |
| 25:02 | AKD · first_market_buy 100 wood |
| 25:13 | AKD · first_building Siege Workshop |
| 25:18 | AKD · wall_segment Stone Wall x1 |
| 25:18 | AKD · wall_segment Stone Wall x1 |
| 27:17 | MarginCall · first_building Stable |
| 27:55 | AKD · first_building Castle |
| 31:04 | MarginCall · first_building Castle |
| 34:07 | MarginCall · age_up imperial |
| 34:16 | AKD · resign |
[ AI ANALYSIS · 1 CREDIT ]
What really happened in this match?
Wolo.gg analyzes every decision: build order, eco, micro, common mistakes by bracket. Personalized analysis on WhatsApp or Discord in 30 seconds.
Civ guide
Vikings
Perfil
Jugador #679922